 Dungeon Crawl Stone Soup version 0.30-a0-557-ge2afbf3030 (webtiles) character file.

Game seed: 6926224663390268238

546 HoaS the Skirmisher (level 7, -1/40 HPs)
             Began as a Tengu Hunter on Dec 27, 2022.
             Was an Initiate of Okawaru.
             Slain by a steam dragon (4 damage)
             ... on level 6 of the Dungeon.
             The game lasted 00:10:20 (4365 turns).

HoaS the Skirmisher (Tengu Hunter)                  Turns: 4365, Time: 00:10:21

Health: -1/40      AC:  4    Str: 12    XL:     7   Next: 28%
Magic:  8/8        EV: 14    Int:  9    God:    Okawaru [......]
Gold:   318        SH:  0    Dex: 19    Spells: 6/6 levels left

rFire   . . .      SeeInvis .    a - +2 shortbow (heavy)
rCold   . . .      Faith    .    (shield currently unavailable)
rNeg    . . .      Spirit   .    c - +1 leather armour
rPois   .          Reflect  .    (helmet restricted)
rElec   .          Harm     .    (no cloak)
rCorr   .          Rampage  .    (no gloves)
Will    .....                    (boots unavailable)
Stlth   ++                       m - amulet of regeneration
HPRegen 1.06/turn                (no ring)
MPRegen 0.11/turn                (no ring)

@: flying quickly and evasively, quick
A: beak, talons 3, nimble flight
a: Renounce Religion


You were on level 6 of the Dungeon.
You worshipped Okawaru.
Okawaru was noncommittal.
You visited 2 branches of the dungeon, and saw 7 of its levels.

You collected 318 gold pieces.

Inventory:

Hand Weapons
 a - a +2 heavy shortbow (weapon)
Armour
 c - a +1 leather armour (worn)
Jewellery
 m - an amulet of regeneration (around neck)
Wands
 o - a wand of light (6)
Scrolls
 b - 2 scrolls of immolation
 e - 2 scrolls of fear
 g - a scroll of blinking
 p - a scroll of enchant armour
 q - a scroll of magic mapping
 s - a scroll of teleportation
Potions
 d - a potion of resistance
 f - a potion of haste {unknown}
 i - a potion of brilliance {unknown}
 k - a potion of magic {unknown}


   Skills:
 - Level 2.0 Fighting
 * Level 9.3 Ranged Weapons
 - Level 2.1 Dodging
 - Level 1.0 Stealth
 + Level 0.8 Invocations


You had 6 spell levels left.
You didn't know any spells.
Your spell library contained the following spells:

 Spells                   Type           Power      Damage    Failure   Level
 Magic Dart               Conj           0%         1d3       45%         1
 Searing Ray              Conj           0%         2d4       61%         2
 Dazzling Flash           Conj/Hex       0%         N/A       83%         3
 Airstrike                Air            0%         2d(0-16)  99%         4
 Fulminant Prism          Conj/Hex       0%         3d5       99%         4
 Agony                    Necr           0%         N/A       100%        5
 Lightning Bolt           Conj/Air       0%         1d11      100%        5
 Silence                  Hex/Air        0%         N/A       100%        5
 Summon Lightning Spire   Summ/Air       Unusable   N/A       N/A         4

Dungeon Overview and Level Annotations

Branches:
Dungeon (6/15)             Temple (1/1) D:5

Altars:
Ashenzari
Cheibriados
Elyvilon
Fedhas
Gozag
Hepliaklqana
Makhleb
Nemelex Xobeh
Okawaru
Qazlal
Ru
Sif Muna
Trog
Uskayaw
Vehumet
Wu Jian
Xom
Yredelemnul
Zin
The Shining One

Shops:
D:1 =


Innate Abilities, Weirdness & Mutations

You have a beak for a mouth.
You have claws for feet.
Your magical nature lets you fly swiftly and evasively.


Message History

Found a stone staircase leading down.
Press: ? - help, v - describe, . - travel, g - get item Item here: an orb of guile.
The floor.
Unknown command.
There is a stone staircase leading down here.
A steam dragon comes into view.
Throw: throwing net
Press: ? - help, Shift-Dir - straight line, f - steam dragon
Aim: a steam dragon (62% to hit)
You throw a throwing net.
The throwing net barely misses the steam dragon.
You shoot an arrow.
The arrow barely misses the steam dragon.
You shoot an arrow.
The arrow closely misses the steam dragon.
The steam dragon breathes steam at you. The ball of steam misses you.
You hear a shout! x2
Something shouts, "Give up, thou surly feather-brained nobody!"
You hear a shout!
You shoot an arrow. The arrow hits the steam dragon!
The steam dragon is heavily wounded.
You are engulfed in a cloud of scalding steam.
You shoot an arrow.
The arrow hits the steam dragon but does no damage.
The steam dragon is heavily wounded.
You are engulfed in a cloud of scalding steam.
The steam dragon barely misses you. The steam dragon claws you.
The steam dragon barely misses you. The steam dragon closely misses you.
You shoot an arrow. The arrow hits the steam dragon.
The steam dragon is severely wounded.
You are engulfed in a cloud of scalding steam.
The steam dragon breathes steam at you. The ball of steam hits you!!
Ouch! That really hurt!
* * * LOW HITPOINT WARNING * * *
You hear a shout!
You hear an angry hiss.
The steam dragon bites you.
You die...

#........#.#
.#
#.##.#####.#
# #.##.# .#
###.##.# .#
#..[##..
###.######
#....ยง#
#.#.#>#####
#.....@...#
#.#.#D##...#
#......
.....
#.####.#
##.. #. .. .
# .#. ... ##
(


You could see a steam dragon (catching breath).

Vanquished Creatures
  An ice beast (D:5)
  An ogre (D:5)
  A necrophage (D:5)
  2 hounds (D:4)
  An orc wizard (D:4)
  3 gnolls
  8 adders
  An ufetubus (D:4)
  6 worms
  A dart slug (D:1)
  9 orcs
  5 bats
  7 endoplasms
  2 giant cockroaches
  12 goblins
  8 hobgoblins
  4 quokkas (D:1)
  9 ball pythons
  5 frilled lizards
  9 kobolds
  6 rats
101 creatures vanquished.

Vanquished Creatures (others)
  An orc (D:4)
1 creature vanquished.

Grand Total: 102 creatures vanquished

Notes
Turn   | Place    | Note
-------+----------+-------------------------------------------
     0 | D:1      | HoaS the Tengu Hunter began the quest for the Orb.
     0 | D:1      | Reached XP level 1. HP: 12/12 MP: 2/2
    83 | D:1      | Reached XP level 2. HP: 17/17 MP: 3/3
   102 | D:1      | Found Ikhlen's Jewellery Shop.
   122 | D:1      | Reached skill level 5 in Ranged Weapons
   423 | D:1      | Reached XP level 3. HP: 21/21 MP: 4/4
   853 | D:2      | Found a faded altar of an unknown god.
   883 | D:2      | Reached skill level 6 in Ranged Weapons
   939 | D:2      | Reached XP level 4. HP: 12/26 MP: 5/5
  2080 | D:4      | Gained mutation: Your magical nature lets you fly swiftly
                  | and evasively. [Tengu growth]
  2080 | D:4      | Reached XP level 5. HP: 26/30 MP: 6/6
  2204 | D:4      | Reached skill level 7 in Ranged Weapons
  2362 | D:4      | Reached XP level 6. HP: 35/35 MP: 7/7
  2816 | D:5      | Entered Level 5 of the Dungeon
  2891 | D:5      | Noticed an ice beast
  2942 | D:4      | Reached skill level 8 in Ranged Weapons
  3037 | D:5      | Killed an ice beast
  3433 | D:4      | Reached XP level 7. HP: 29/40 MP: 4/8
  3558 | D:4      | Reached skill level 9 in Ranged Weapons
  3634 | D:5      | Found a staircase to the Ecumenical Temple.
  3648 | D:5      | Found a bloodstained altar of Trog.
  3658 | Temple   | Entered the Ecumenical Temple
  3801 | Temple   | Became a worshipper of Warmaster Okawaru
  4358 | D:6      | Noticed a steam dragon
  4364 | D:6      | HP: 2/40 [steam dragon/ball of steam (21)]
  4365 | D:6      | Slain by a steam dragon

Illustrated notes

Levels and vault maps discovered:
D:1:      amcnicky_arrival_blooded_trapdoor, layout_loops_ring, serial_shops,
          shop, minmay_fountain_box
D:2:      layout_rooms, chequers_ecumenical_altar_simple_redux,
          grunt_ministairs_3
D:3:      layout_loops_corners, minivault_11
D:4:      layout_gridville, kennysheep_small_spiral, dk_noncrumbling_2
D:5:      layout_basic, mainiacjoe_overflow_surrounded_room,
          minmay_temple_entry_glassed_door, serial_rivers,
          chequers_serial_rivers_micro_d, chequers_serial_rivers_marsh,
          chequers_serial_rivers_marsh, chequers_serial_rivers_small_a,
          chequers_serial_rivers_micro_e, chequers_serial_rivers_micro_e,
          nrook_campfire
D:6:      layout_loops_ring, uniq_duvessa
Temple:   nicolae_temple_bog_church

Skill      XL: |  1  2  3  4  5  6  7 |
---------------+----------------------+-----
Ranged Weapons | 5 6 7 8 9 |  9.3
Fighting       | |  2.0
Dodging        | |  2.1
Stealth        | |  1.0
Invocations    | |  0.8

Action                   |  1- 3 |  4- 6 |  7- 9 || total
-------------------------+-------+-------+-------++-------
 Fire: Shortbow          |   106 |   174 |    22 ||   302
Throw: Throwing net      |       |     2 |     1 ||     3
  Use: Scroll            |     7 |     1 |     3 ||    11
Armor: Leather armour    |    14 |    34 |       ||    48
Dodge: Dodged            |    34 |    92 |    10 ||   136

Table legend: (Time is in decaauts)
 A = Elapsed time spent in this place.
 B = Non-inter-level travel time spent in this place.
 C = Inter-level travel time spent in this place.
 D = Time resting spent in this place.
 E = Time spent auto-exploring this place.
 F = Levels seen in this place.
 G = Mean time per level.
                   A        B        C        D        E       F      G
               +--------+--------+--------+--------+--------+-----+--------+
         Total |   4323 |   4177 |    146 |    515 |   2800 |   7 |  617.6 |
       Dungeon |   4176 |   4053 |    123 |    515 |   2692 |   6 |  696.0 |
        Temple |    146 |    123 |     23 |      0 |    108 |   1 |  146.0 |
               +--------+--------+--------+--------+--------+-----+--------+

Top non-repeatable levels by time:
     D:5: 1057 daAuts
     D:3: 869 daAuts
     D:4: 863 daAuts
     D:1: 858 daAuts
     D:2: 491 daAuts
  Temple: 146 daAuts
     D:6: 36 daAuts
